 Dungeon Crawl Stone Soup version 0.31-a0-187-gba352fbbf7 (webtiles) character file.

Game seed: 3999369882250090534

58 qw the Shooter (level 3, -1/20 HPs)
             Began as a Deep Elf Hunter on June 22, 2023.
             Killed from afar by Natasha (5 damage)
             ... with a magic dart
             ... on level 2 of the Dungeon.
             The game lasted 00:00:22 (794 turns).

qw the Shooter (Deep Elf Hunter)                     Turns: 794, Time: 00:00:23

Health: -1/20      AC:  5    Str: 10    XL:     3   Next: 76%
Magic:  5/5        EV: 11    Int: 13    God:
Gold:   46         SH:  0    Dex: 18    Spells: 2/2 levels left

rFire   . . .        Y - +0 shortbow
rCold   . . .        (shield currently unavailable)
rNeg    + . .        d - +0 ring mail
rPois   .            (no helmet)
rElec   .            (no cloak)
rCorr   .            (no gloves)
SInv    .            (no boots)
Will    .....        (no amulet)
Stlth   +            k - ring of positive energy
HPRegen 0.23/turn    (no ring)
MPRegen 0.09/turn

%: no passive effects
@: slowed, very slow
A: no striking features
a: no special abilities


You were on level 2 of the Dungeon.
You visited 1 branch of the dungeon, and saw 2 of its levels.

You collected 46 gold pieces.


   Skills:
 - Level 1.5 Fighting
 + Level 7.2 Ranged Weapons
 - Level 2.4 Dodging
 - Level 1.2 Stealth


You had 2 spell levels left.
You didn't know any spells.
Your spell library was empty.

Inventory:

Hand Weapons
 Y - a +0 shortbow (weapon)
Armour
 d - a +0 ring mail (worn)
Jewellery
 a - a ring of poison resistance
 k - a ring of positive energy (left hand)
Scrolls
 b - a scroll of enchant armour {unknown}
Potions
 g - a potion of haste {unknown}
 h - a potion of mutation {unknown}
 i - a potion of curing {unknown}

Dungeon Overview and Level Annotations

Branches:
Dungeon (2/15)

Altars:

Shops:
D:2 !

Annotations:
D:2 Natasha


Message History

You kill the hobgoblin!
You see here a hobgoblin corpse.
You see here a rat corpse.
b - a scroll labelled HOREEM DO ETS Natasha, Servant of Life and Death comes into view.
Enter note:
Enter note: You shoot an arrow.
Natasha hisses angrily.
The arrow hits Natasha.
Natasha is lightly wounded.
Found a ring of positive energy.
Enter note:
Enter note: Natasha is nearby!
Enter note:
Enter note: You shoot an arrow.
The arrow hits Natasha.
Natasha is lightly wounded.
You shoot an arrow. The arrow hits Natasha!
Natasha is almost dead.
A rat comes into view.
Natasha casts a spell at you. The magic dart hits you.
791 ||| FLEEEEING.
Enter note:
Enter note: You shoot an arrow.
The arrow hits Natasha.
Natasha is almost dead.
Natasha stares at you and mumbles some strange words.
You feel yourself slow down.
You shoot an arrow. The arrow closely misses Natasha.
Natasha casts a spell at you. The magic dart hits you.
Natasha stares at you and mumbles some strange words.
The magic dart hits you.
You shoot an arrow. The arrow barely misses the rat.
Natasha stares at you and mumbles some strange words.
The magic dart hits you.
You die...

.. . #. ##.# .#.
#.########..###...
...)...#.....#...#
...............# .>
..........h....#.##.#
.......r.......#.#..#
.......$.......#...##
..=....@..%.........##..
.....................#..
#.....\.....%..........#
##.....#................
#.....#..##^...........
#......................
#..........%...)..[....
......##..............#
### ##..#........#..


You could see Natasha and a rat.

Vanquished Creatures
  Natasha (D:2)
  A dart slug (D:1)
  4 ball pythons (D:1)
  3 endoplasms (D:1)
  A giant cockroach (D:1)
  2 hobgoblins
  4 jackals (D:1)
  3 kobolds (D:1)
  4 bats (D:1)
  4 frilled lizards (D:1)
  4 rats
31 creatures vanquished.

Notes
Turn   | Place    | Note
-------+----------+-------------------------------------------
     0 | D:1      | qw the Deep Elf Hunter began the quest for the Orb.
     0 | D:1      | Reached XP level 1. HP: 12/12 MP: 3/3
     0 | D:1      | 0 ||| qw: Version: 0.3-a-9-g12657ce
     0 | D:1      | 0 ||| qw: Game counter: 2436
     0 | D:1      | 0 ||| qw: Always use a shield: true
     0 | D:1      | 0 ||| qw: God list: Okawaru
     0 | D:1      | 0 ||| qw: Allow faded altars: false
     0 | D:1      | 0 ||| qw: Do Orc after D:15 true
     0 | D:1      | 0 ||| qw: Do second Lair branch before Depths: true
     0 | D:1      | 0 ||| qw: Lair rune preference: random
     0 | D:1      | 0 ||| qw: Plans: Normal
     0 | D:1      | 0 ||| PLANNING D:1-11
    93 | D:1      | Reached skill level 6 in Ranged Weapons
    93 | D:1      | Reached XP level 2. HP: 15/16 MP: 4/4
   370 | D:1      | HP: 3/16 [jackal (2)]
   371 | D:1      | HP: 1/16 [jackal (1)]
   375 | D:1      | Reached XP level 3. HP: 3/20 MP: 5/5
   719 | D:1      | 719 ||| UPGRADING to +0 ring mail.
   729 | D:1      | 729 ||| DROPPING +0 leather armour.
   730 | D:1      | 730 ||| UPGRADING to ring of positive energy.
   731 | D:1      | 731 ||| READING scroll labelled UDIRYI RUDE.
   732 | D:1      | 732 ||| READING scroll labelled QOUBLE BOAROXE.
   733 | D:1      | 733 ||| READING scroll labelled CEAT ABIACETUME.
   734 | D:1      | 734 ||| DROPPING scroll of butterflies.
   763 | D:2      | Noticed Natasha
   767 | D:2      | Killed Natasha
   768 | D:2      | Reached skill level 7 in Ranged Weapons
   773 | D:2      | Found Caruaceh's Distillery.
   785 | D:2      | Noticed Natasha
   791 | D:2      | 791 ||| FLEEEEING.
   793 | D:2      | HP: 4/20 [Natasha/magic dart (6)]
   794 | D:2      | Killed from afar by Natasha

Levels and vault maps discovered:
D:1:      dpeg_arrival_simpleton_a, layout_loops_cross, minmay_tree_intersection
D:2:      layout_rooms, serial_shops, shop, uniq_natasha

Skill      XL: |  1  2  3 |
---------------+----------+-----
Ranged Weapons | 6 7 |  7.2
Fighting       | |  1.5
Dodging        | |  2.4
Stealth        | |  1.2

Action                     || total
---------------------------++-------
   Fire: Shortbow          ||    90
    Use: Scroll            ||     3
 Armour: Leather armour    ||     8
  Dodge: Dodged            ||    28

Table legend:
 A = Non-vault XP
 B = Vault XP
 C = Vault XP percentage of total XP
 D = Non-vault monster count
 E = Vault monster count
 F = Vault count percentage of total count
                 A         B        C        D         E       F
            +---------+---------+-------+---------+---------+-------
      Total |      49 |      35 |  41.7 |      30 |       1 |   3.2
            +---------+---------+-------+---------+---------+-------
        D:1 |      46 |       0 |   0.0 |      28 |       0 |   0.0
        D:2 |       3 |      35 |  92.1 |       2 |       1 |  33.3
            +---------+---------+-------+---------+---------+-------
